 Dungeon Crawl Stone Soup version 0.30-a0-359-gd0147acb1a (webtiles) character file.

Game seed: 18203261346276065862

2494 ragingrage the Thaumaturge (level 9, 0/49 HPs)
             Began as a Deep Elf Fire Elementalist on Nov 12, 2022.
             Was a Follower of Vehumet.
             Slain by a yak (15 damage)
             ... on level 6 of the Dungeon.
             The game lasted 00:05:23 (6982 turns).

ragingrage the Thaumaturge (DEFE)                   Turns: 6982, Time: 00:05:24

Health: 0/49       AC:  3    Str:  5    XL:     9   Next: 28%
Magic:  10/23      EV: 14    Int: 25    God:    Vehumet [*.....]
Gold:   288        SH:  0    Dex: 15    Spells: 13/25 levels left

rFire   . . .      SeeInvis .    A - +1 spear (venom)
rCold   . . .      Faith    .    (no shield)
rNeg    . . .      Spirit   .    a - +0 robe
rPois   .          Reflect  .    (no helmet)
rElec   .          Harm     .    (no cloak)
rCorr   .          Rampage  .    (no gloves)
Will    .....                    n - +0 pair of boots
Stlth   ++........               c - amulet of the acrobat
HPRegen 0.28/turn                p - ring of flight
MPRegen 0.18/turn                (no ring)

@: on blink cooldown, flying, hasted, very quick
A: no striking features
a: Renounce Religion


You were on level 6 of the Dungeon.
You worshipped Vehumet.
Vehumet was aware of your devotion.
You visited 2 branches of the dungeon, and saw 7 of its levels.

You collected 288 gold pieces.

Inventory:

Hand Weapons
 A - a +1 spear of venom (weapon)
Missiles
 m - 5 poisoned darts
 o - 5 javelins
 y - a throwing net
Armour
 a - a +0 robe (worn)
 n - a +0 pair of boots (worn)
Jewellery
 c - an amulet of the acrobat (around neck)
 p - a ring of flight (left hand)
Scrolls
 d - 3 scrolls of teleportation {unknown}
 g - a scroll of acquirement {unknown}
 h - 2 scrolls of amnesia {unknown}
 j - 4 scrolls of identify {unknown}
 q - a scroll of noise {unknown}
 r - 2 scrolls of enchant armour {unknown}
 s - 3 scrolls of fear {unknown}
 v - a scroll of enchant weapon {unknown}
 x - a scroll of summoning {unknown}
Potions
 b - a potion of magic
 e - a potion of resistance {unknown}
 i - a potion of ambrosia {unknown}
 k - 2 potions of might {unknown}
 l - 4 potions of curing {unknown}
 t - a potion of attraction {unknown}
 u - a potion of heal wounds {unknown}
 w - 3 potions of degeneration {unknown}
 z - a potion of lignification {unknown}


   Skills:
 + Level 2.9 Fighting
 + Level 5.1 Dodging
 - Level 2.4 Stealth
 + Level 8.8 Spellcasting
 + Level 6.8 Conjurations
 - Level 3.0 Translocations
 + Level 7.6 Fire Magic


You had 13 spell levels left.
You knew the following spells:

 Your Spells              Type           Power      Damage    Failure   Level
a - Foxfire               Conj/Fire      100%       2x1d9     1%          1
b - Scorch                Fire           98%        2d9       1%          2
c - Kindle Blastsparks    Fire/Tloc/Air  56%        2d14      3%          3
d - Blink                 Tloc           52%        N/A       2%          2
e - Flame Wave            Conj/Fire      47%        2d12      2%          4

Your spell library contained the following spells:

 Spells                   Type           Power      Damage    Failure   Level
 Shock                    Conj/Air       100%       1d9       1%          1
 Apportation              Tloc           52%        N/A       1%          1
 Inner Flame              Hex/Fire       30%        N/A       3%          3
 Gell's Gravitas          Tloc           26%        N/A       4%          3
 Lesser Beckoning         Tloc           52%        N/A       4%          3
 Teleport Other           Tloc           26%        N/A       4%          3
 Beastly Appendage        Tmut           22%        N/A       5%          1
 Necrotise                Necr           44%        1d6       5%          1
 Summon Small Mammal      Summ           44%        N/A       5%          1
 Sublimation of Blood     Necr           11%        N/A       9%          2
 Wereblood                Tmut           11%        N/A       9%          2
 Manifold Assault         Tloc           26%        N/A       16%         4
 Spider Form              Tmut/Pois      11%        N/A       17%         3
 Storm Form               Tmut/Air       5%         N/A       100%        7
 Summon Hydra             Summ           5%         N/A       100%        7


Dungeon Overview and Level Annotations

Branches:
Dungeon (6/15)             Temple (1/1) D:5

Altars:
Ashenzari
Cheibriados
Fedhas
Hepliaklqana
Makhleb
Nemelex Xobeh
Vehumet
Wu Jian
Xom
Zin

Annotations:
D:2 Robin


Message History

Casting: Kindle Blastsparks (dangerous; 4% risk of failure)
Confirm with . or Enter, or press ? or * to list all spells.
Casting: Flame Wave (dangerous; 3% risk of failure)
Press: ? - help, Dir - look around, f - activate A wave of flame ripples out!
The flame wave engulfs the yak!
The yak is moderately wounded. (Press . to intensify the flame waves.)
The yak gores you!
A wave of flame ripples out!
The flame wave engulfs the yak!!
The yak is heavily wounded.
The flame wave engulfs the yak.
The yak is moderately wounded.
The flame wave engulfs the yak!
The yak is lightly wounded.
The cloud of blastsparks explodes!
The concussive blast engulfs the yak!
The yak is severely wounded.
The yak barely misses you.
A wave of flame ripples out!
The flame wave engulfs the yak!
The yak is moderately wounded.
The flame wave engulfs the yak!
You kill the yak!
Vehumet accepts your kill. Vehumet offers you knowledge of Shock.
You feel your power returning.
The flame wave engulfs the yak!
The yak is severely wounded.
You finish channelling waves of flame.
The yak completely misses you. The yak gores you.
Unknown command.
Unknown command.
Casting: Flame Wave (dangerous; 2% risk of failure)
Confirm with . or Enter, or press ? or * to list all spells.
You blink.
Casting: Blink (safe; 2% risk of failure)
Confirm with . or Enter, or press ? or * to list all spells.
Flames lash the yak.
The yak is heavily wounded.
The yak's fire resistance burns away.
The yak gores you! x2
* * * LOW HITPOINT WARNING * * *
You feel yourself speed up. The yak misses you. The yak gores you!
You die...

... .Y. ### ...
#.####.. #.#
#...##.# #Y#
##Y...#
######.#
#...###
#.†§##.##
##.#.##
#.†.##..#
#..#..##
#YY.###.#
#.###.Y.
#@.†.##.# #.#
####
#....##.###.# #
#........##.#
####..#..##.###
##
##.##......###.
#.##.##.#..##.
#.......##..#.
####.#........
#...#####..


You could see 2 yaks.

Vanquished Creatures
  A troll (D:6)
  Prince Ribbit (D:5)
  4 yaks (D:6)
  Menkaure (D:6)
  A water moccasin (D:5)
  A sky beast (D:4)
  An ice beast (D:5)
  A black bear (D:6)
  A phantom (D:5)
  A necrophage (D:6)
  2 scorpions
  4 wights (D:6)
  4 hounds
  An orc priest (D:5)
  A gnoll bouda (D:5)
  2 jellies (D:5)
  3 iguanas
  3 orc wizards
  5 gnolls (D:5)
  6 adders
  2 river rats (D:6)
  A shadow imp (D:5)
  An ufetubus (D:6)
  4 worms
  2 dart slugs
  8 orcs
  6 ball pythons
  2 bats
  2 endoplasms (D:4)
  6 giant cockroaches
  8 goblins
  A hobgoblin (D:2)
  10 jackals
  2 quokkas
  2 frilled lizards
  5 kobolds
  6 rats
112 creatures vanquished.

Vanquished Creatures (collateral kills)
  11 foxfires
11 creatures vanquished.

Vanquished Creatures (others)
  647 foxfires
  6 plants (D:4)
653 creatures vanquished.

Grand Total: 776 creatures vanquished

Notes
Turn   | Place    | Note
-------+----------+-------------------------------------------
     0 | D:1      | ragingrage the Deep Elf Fire Elementalist began the quest
                  | for the Orb.
     0 | D:1      | Reached XP level 1. HP: 10/10 MP: 6/6
   248 | D:1      | Reached XP level 2. HP: 15/15 MP: 2/8
  1424 | D:2      | Noticed Robin
  1716 | D:3      | Reached XP level 3. HP: 19/19 MP: 5/10
  1844 | D:3      | Reached skill level 4 in Spellcasting
  2275 | D:3      | Learned a level 2 spell: Scorch
  2279 | D:3      | Learned a level 3 spell: Kindle Blastsparks
  2518 | D:3      | Reached XP level 4. HP: 24/24 MP: 8/12
  3127 | D:4      | Learned a level 2 spell: Blink
  3511 | D:4      | Noticed a sky beast
  3517 | D:4      | Killed a sky beast
  3518 | D:4      | Reached skill level 5 in Spellcasting
  3518 | D:4      | Reached skill level 1 in Translocations
  3518 | D:4      | Reached XP level 5. HP: 28/28 MP: 7/14
  3924 | D:5      | Entered Level 5 of the Dungeon
  4003 | D:5      | Found a staircase to the Ecumenical Temple.
  4049 | D:5      | Noticed an ice beast
  4078 | D:5      | Reached XP level 6. HP: 32/32 MP: 4/15
  4080 | Temple   | Entered the Ecumenical Temple
  4268 | Temple   | Became a worshipper of Vehumet
  4300 | D:5      | Reached skill level 5 in Fire Magic
  4476 | D:5      | Killed an ice beast
  4735 | D:5      | Noticed a water moccasin
  4740 | D:5      | Killed a water moccasin
  4741 | D:5      | Reached skill level 6 in Spellcasting
  4741 | D:5      | Reached XP level 7. HP: 36/36 MP: 13/18
  4915 | D:5      | Noticed Prince Ribbit
  4920 | D:5      | Killed Prince Ribbit
  4921 | D:5      | Reached skill level 5 in Conjurations
  4940 | D:5      | Reached skill level 7 in Spellcasting
  5136 | D:5      | Learned a level 4 spell: Flame Wave
  5379 | D:5      | Reached XP level 8. HP: 42/42 MP: 16/21
  5605 | D:6      | Noticed a troll
  5615 | D:6      | Killed a troll
  5616 | D:6      | Reached skill level 1 in Fighting
  5655 | D:6      | Reached * piety under Vehumet
  5655 | D:6      | Offered knowledge of Magic Dart by Vehumet.
  5818 | D:6      | Reached skill level 8 in Spellcasting
  6289 | D:6      | Noticed Menkaure
  6295 | D:6      | Killed Menkaure
  6296 | D:6      | Reached XP level 9. HP: 27/49 MP: 15/23
  6974 | D:6      | Reached skill level 5 in Dodging
  6979 | D:6      | Offered knowledge of Shock by Vehumet.
  6982 | D:6      | Slain by a yak

Illustrated notes

Levels and vault maps discovered:
D:1:      mrwooster_arrival_arrow, layout_basic
D:2:      layout_loops_ring, hangedman_decor_peaks_small, uniq_terence,
          uniq_robin
D:3:      layout_rooms, kennysheep_minor_cross, nicolae_wormholes
D:4:      layout_loops_cross, serial_glass, glass_columns_b, glass_columns_b,
          glass_columns_b, glass_columns_a, glass_columns_a, glass_columns_b,
          serial_bayou_lake_a
D:5:      layout_basic, temple_pool_b, grunt_decor_fettered, uniq_prince_ribbit1
D:6:      layout_rooms, portal_sewer_entry_e, uniq_menkaure
Temple:   roderic_octagonal_lattice_temple

Skill      XL: |  1  2  3  4  5  6  7  8  9 |
---------------+----------------------------+-----
Conjurations   | 2 3 4 5 6 |  6.8
Spellcasting   | 4 5 6 7 8 |  8.8
Fire Magic     | 4 5 6 7 |  7.6
Translocations | 1 3 |  3.0
Dodging        | 4 5 |  5.1
Fighting       | 2 |  2.9
Stealth        | |  2.4

Action                   |  1- 3 |  4- 6 |  7- 9 || total
-------------------------+-------+-------+-------++-------
Melee: Short sword       |     4 |     3 |     1 ||     8
 Cast: Foxfire           |   123 |   142 |   122 ||   387
       Scorch            |       |     3 |    31 ||    34
       Blink             |       |       |     1 ||     1
       Flame Wave        |       |       |     1 ||     1
       Kindle Blastspark |       |       |     1 ||     1
  Use: Potion            |       |       |     1 ||     1
 Stab: Sleeping          |       |     1 |       ||     1
Armor: Robe              |     4 |     4 |     3 ||    11
Dodge: Dodged            |    10 |     1 |    17 ||    28

Table legend: (Time is in decaauts)
 A = Elapsed time spent in this place.
 B = Non-inter-level travel time spent in this place.
 C = Inter-level travel time spent in this place.
 D = Time resting spent in this place.
 E = Time spent auto-exploring this place.
 F = Levels seen in this place.
 G = Mean time per level.
                   A        B        C        D        E       F      G
               +--------+--------+--------+--------+--------+-----+--------+
         Total |   6980 |   6864 |    116 |   1033 |   4887 |   7 |  997.1 |
       Dungeon |   6773 |   6682 |     91 |   1033 |   4717 |   6 | 1128.8 |
        Temple |    206 |    181 |     25 |      0 |    170 |   1 |  206.0 |
               +--------+--------+--------+--------+--------+-----+--------+

Top non-repeatable levels by time:
     D:6: 1436 daAuts
     D:5: 1414 daAuts
     D:1: 1258 daAuts
     D:3: 1157 daAuts
     D:4: 1135 daAuts
     D:2: 370 daAuts
  Temple: 206 daAuts
